AoeStats
← CapitanGarfio

Pilgrims

509025206Analyzed
3v3 RM · 6d ago on Sep 25, 2026· 51m 30s· 6 players
Game mode
Random Map
Map size
Normal (6 player)
Population
200
Speed
Normal
Resources
Standard
Victory
Conquest
Starting age
Dark Age
Ending age
Imperial Age
RankedLock teamsTeams togetherTeam positionsShared explorationLock speedFull tech treeHidden civsTurbo modeCheats
Victory
Defeat
🇨🇦 Persians · Canada
643
+11
🇨🇴 Varangians · Colombia
638
+11
🇨🇦 Chinese · Canada
636
+11
🇫🇷 Huns · France
592
-13
🇺🇸 Persians · United States
528
-11
🇲🇽 Byzantines · Mexico
471
-9
GroaningCoyote3
7:09 Loom
14:43 Feudal Age
14:57 Man-at-Arms
15:59 Horse Collar
19:26 Double-Bit Axe
21:18 Wheelbarrow
26:04 Town Watch
30:52 Castle Age
31:26 Forging
32:02 Bloodlines
33:23 Scale Barding Armor
34:09 Heavy Plow
35:14 Bow Saw
38:18 Long Swordsman
41:24 Hand Cart
42:52 Husbandry
44:58 Crossbowman
49:49 Imperial Age
48:05 Fletching
49:29 Cavalier
50:41 Citadels
CapitanGarfio
5:26 Loom
19:48 Feudal Age
20:16 Fishing Lines
23:20 Wheelbarrow
27:48 Double-Bit Axe
27:50 Horse Collar
37:34 Castle Age
38:04 Pikeman
38:45 Squires
38:48 Heavy Plow
39:01 Bow Saw
38:47 Gold Mining
38:48 Stone Mining
40:30 Hand Cart
40:47 Gillnets
41:12 Caravan
41:42 Coinage
42:14 Greek Fire
43:50 Demolition Ship
46:40 Forging
46:31 Scale Mail Armor
46:36 Scale Barding Armor
46:31 Padded Archer Armor
46:21 Fletching
50:02 Light Cavalry
51:29 Iron Casting
51:10 Chain Mail Armor
51:15 Chain Barding Armor
51:10 Leather Archer Armor
50:51 Bodkin Arrow
53:36 Imperial Age
NAPOLEON1096
4:31 Loom
15:12 Feudal Age
15:34 Man-at-Arms
17:49 Arson
18:29 Town Watch
19:24 Fletching
19:44 Forging
21:14 Scale Mail Armor
21:15 Padded Archer Armor
21:21 Scale Barding Armor
23:09 Wheelbarrow
23:57 Fishing Lines
28:34 Horse Collar
32:13 Castle Age
31:48 Bloodlines
33:18 Double-Bit Axe
33:33 Stone Mining
33:34 Gold Mining
33:50 Heavy Plow
33:56 Town Patrol
34:50 Husbandry
34:12 Light Cavalry
35:02 Bloodlines
34:54 Bodkin Arrow
35:35 Iron Casting
35:18 Leather Archer Armor
35:24 Chain Barding Armor
36:07 Chain Mail Armor
35:15 Pikeman
35:16 Long Swordsman
35:57 Squires
40:38 Masonry
40:24 Murder Holes
40:49 Ballistics
40:56 Hand Cart
41:15 Caravan
Cigarette Lobster
4:16 Loom
14:42 Feudal Age
16:09 Man-at-Arms
17:55 Wheelbarrow
17:37 Arson
18:05 Forging
17:56 Scale Mail Armor
17:46 Fletching
17:57 Padded Archer Armor
17:50 Gold Mining
17:53 Stone Mining
18:12 Fishing Lines
19:24 Double-Bit Axe
24:57 Castle Age
26:28 Squires
27:12 Iron Casting
26:53 Chain Mail Armor
26:34 Bodkin Arrow
27:20 Bow Saw
30:01 Leather Archer Armor
31:42 Hand Cart
31:13 Town Watch
32:21 Thumb Ring
33:11 Ballistics
33:56 Gold Shaft Mining
33:59 Stone Shaft Mining
37:02 Fervor
38:29 Fervor
42:42 Imperial Age
42:51 Gillnets
43:38 Elite Fire Lancer
44:46 Conscription
46:11 Blast Furnace
45:49 Plate Mail Armor
45:47 Bracer
46:46 Ring Archer Armor
49:00 Chemistry
47:57 Elite Chu Ko Nu
REYJAGUAR4660
7:51 Loom
16:29 Feudal Age
17:01 Town Watch
17:03 Double-Bit Axe
19:03 Wheelbarrow
23:25 Arson
27:28 Forging
27:21 Scale Mail Armor
27:52 Fletching
27:27 Man-at-Arms
28:36 Fishing Lines
35:07 Horse Collar
36:31 Bloodlines
37:40 Padded Archer Armor
38:51 Scale Barding Armor
40:53 Gold Mining
47:04 Castle Age
46:11 Stone Mining
47:22 Light Cavalry
48:22 Squires
48:38 Gillnets
49:01 Medium Warships
51:22 Iron Casting
51:04 Chain Mail Armor
Ironic
16:51 Feudal Age
17:39 Man-at-Arms
18:44 Loom
19:35 Wheelbarrow
30:40 Castle Age
30:06 Double-Bit Axe
30:17 Gold Mining
30:18 Stone Mining
31:41 Fishing Lines
35:41 Kamandaran
36:50 Fletching
37:01 Padded Archer Armor
37:03 Scale Mail Armor
37:17 Horse Collar
40:14 Medium Warships
40:13 Bodkin Arrow
40:34 Leather Archer Armor
40:30 Forging
40:36 Chain Mail Armor
40:26 Scale Barding Armor
41:12 Bow Saw
46:09 Imperial Age
44:05 Ballistics
46:54 Heavy Warships
48:14 Citadels
48:28 Conscription
48:28 Cavalier
49:19 Bloodlines
49:10 Husbandry
52:31 Chemistry
51:23 Heated Shot
Connection lost

Rejoining the realm…

Still unreachable

The connection could not be restored.

Session expired

The server has moved on; the page needs a fresh start.